 Dungeon Crawl Stone Soup version 0.26-a0-30-g56b8cd3df0 (webtiles) character file.

Game seed: 5395947962032294288, levelgen mode: deterministic

114 Gwenloh the Cutter (level 5, 0/33 HPs)
             Began as a Kobold Berserker on June 3, 2020.
             Was a Believer of Trog.
             Slain by Robin
             ... wielding a +2 trident of flaming
              (1 damage)
             ... on level 3 of the Dungeon.
             The game lasted 00:07:22 (2632 turns).

Gwenloh the Cutter (Kobold Berserker)               Turns: 2632, Time: 00:07:28

Health: 0/33       AC:  6    Str: 14    XL:     5   Next: 18%
Magic:  5/5        EV: 16    Int:  8    God:    Trog [**....]
Gold:   56         SH:  0    Dex: 16    Spells: 4/4 levels left

rFire    . . .     SeeInvis +   a - +0 short sword
rCold    . . .     Gourm    .   (shield restricted)
rNeg     . . .     Faith    .   g - +0 leather armour
rPois    .         Spirit   .   f - +2 helmet
rElec    .         Reflect  .   (no cloak)
rCorr    .         Harm     .   (no gloves)
MR       .....                  (no boots)
Stlth    +.........             k - amulet of magic regeneration
HPRegen  0.11/turn              h - ring of see invisible
MPRegen  0.34/turn              (no ring)

@: berserk cooldown, slowed, very slow
A: small, carnivore
a: Berserk, Trog's Hand, Renounce Religion


You were on level 3 of the Dungeon.
You worshipped Trog.
Trog was pleased with you.
You were very full.

You visited 1 branch of the dungeon, and saw 3 of its levels.

You collected 56 gold pieces.

Inventory:

Hand Weapons
 a - a +0 short sword (weapon)
Missiles
 d - 8 sling bullets
 e - 111 stones (quivered)
 t - 26 arrows
 u - 4 javelins
Armour
 b - a +0 animal skin
 f - a +2 helmet (worn)
 g - a +0 leather armour (worn)
Jewellery
 h - a ring of see invisible (left hand)
 k - an amulet of magic regeneration (around neck)
Scrolls
 r - a scroll of amnesia {unknown}
Potions
 i - a potion of flight {unknown}
 l - a potion of heal wounds {unknown}
 s - a potion of lignification {unknown}
Comestibles
 c - 5 rations
 v - a chunk of flesh


   Skills:
 + Level 4.1 Fighting
 + Level 5.0 Short Blades
 + Level 2.4 Armour
 + Level 3.6 Dodging


You had 4 spell levels left.
You didn't know any spells.
Your spell library was empty.

Dungeon Overview and Level Annotations

Branches:
Dungeon (3/15)

Altars:

Annotations:
D:3 Grinder, Robin


Innate Abilities, Weirdness & Mutations

You are small and have problems with some larger weapons.
You are carnivorous and can eat meat at any time.


Message History

Robin closely misses you.
Your leather armour prevents you from hitting Robin.
Robin is lightly wounded.
Robin barely misses you.
You hit Robin but do no damage.
Robin is lightly wounded.
Robin closely misses you.
You hit Robin.
Robin is moderately wounded.
Robin hits you with a +2 trident of flaming.
* * * LOW HITPOINT WARNING * * *
Robin burns you.
* * * LOW HITPOINT WARNING * * *
You hit Robin but do no damage.
Robin is moderately wounded.
Robin barely misses you.
Robin hits you with a +2 trident of flaming.
* * * LOW HITPOINT WARNING * * *
Robin burns you.
You die...

*******,*****
####### *,,,,,*
#.....# *****,*
#.....# *,*
#.....# *******,*
#.)...# *,,,,,,,*
#<....#***,**,,,,*
#.....#*,,,,,,**,*
#@....#*,*,,,,,,,,
#g....#*,,,,,,,,,*
#.#####**,*,*,,***
#.# *,,,,,*,,,,,
#.# *,*,*,,,,,,,
#(#####+#'#..,,,,,
#)().).......,,,,,
####g........,,,,,
**#........5,,,,,


You could see Robin.

Vanquished Creatures
  3 adders (D:2)
  2 oozes
  A worm (D:2)
  A dart slug (D:1)
  2 leopard geckos
  2 ball pythons
  4 giant cockroaches
  13 goblins
  10 hobgoblins
  4 jackals (D:2)
  9 kobolds
  A quokka (D:2)
  4 bats (D:1)
  2 frilled lizards (D:1)
  8 rats
66 creatures vanquished.

Notes
Turn   | Place    | Note
-------+----------+-------------------------------------------
     0 | D:1      | Gwenloh the Kobold Berserker began the quest for the Orb.
     0 | D:1      | Reached XP level 1. HP: 14/14 MP: 1/1
   131 | D:1      | Reached XP level 2. HP: 19/19 MP: 2/2
   384 | D:1      | Reached XP level 3. HP: 13/23 MP: 3/3
  1280 | D:2      | Reached XP level 4. HP: 29/29 MP: 4/4
  1341 | D:2      | Reached ** piety under Trog
  2125 | D:2      | Reached XP level 5. HP: 32/33 MP: 5/5
  2230 | D:2      | Reached skill level 5 in Short Blades
  2379 | D:3      | Noticed Robin
  2382 | D:3      | Noticed Grinder
  2632 | D:3      | HP: 1/33 [Robin/+2 trident of flaming (2)]
  2632 | D:3      | Slain by Robin

Illustrated notes

Levels and vault maps discovered:
D:1:      zaba_arrival_water, layout_basic, minmay_box_of_dots
D:2:      layout_rooms, minmay_heptomino_h4
D:3:      layout_basic, first_ration, chequers_ecumenical_altar_simple,
          gup_sewer_entry_glass, ebering_ghost_sewer_d, uniq_robin,
          uniq_grinder, uniq_natasha

Skill      XL: |  1  2  3  4  5 |
---------------+----------------+-----
Dodging        | 3 |  3.6
Armour         | 2 |  2.4
Fighting       | 4 |  4.1
Short Blades   | 5 |  5.0

Action                   |  1- 3 |  4- 6 || total
-------------------------+-------+-------++-------
Melee: Short sword       |    86 |   139 ||   225
Throw: Stone             |    11 |    30 ||    41
Invok: Berserk           |     2 |     5 ||     7
       Trog's Hand       |       |     1 ||     1
  Use: Scroll            |       |     6 ||     6
 Stab: Sleeping          |     2 |       ||     2
  Eat: Chunk             |    11 |     9 ||    20
Armor: Animal skin       |     6 |     7 ||    13
       Leather armour    |       |    22 ||    22
Dodge: Dodged            |    61 |   141 ||   202

Table legend:
 A = Non-vault XP
 B = Vault XP
 C = Vault XP percentage of total XP
 D = Non-vault monster count
 E = Vault monster count
 F = Vault count percentage of total count
                 A         B        C        D         E       F
            +---------+---------+-------+---------+---------+-------
      Total |     117 |      46 |  28.2 |      47 |      19 |  28.8
            +---------+---------+-------+---------+---------+-------
        D:1 |      45 |       8 |  15.1 |      24 |       5 |  17.2
        D:2 |      72 |      18 |  20.0 |      23 |       4 |  14.8
        D:3 |       0 |      20 | 100.0 |       0 |      10 | 100.0
            +---------+---------+-------+---------+---------+-------
